 Dungeon Crawl Stone Soup version 0.25.0-1-g7eea58d2a3 (webtiles) character file.

Game seed: 2074679646147119377

2601 Canard the Cleaver (level 9, -11/61 HPs)
             Began as an Octopode Berserker on June 14, 2020.
             Was an Elder of Trog.
             Killed from afar by Pikel (15 damage)
             ... with an iceblast
             ... on level 7 of the Dungeon.
             The game lasted 00:13:38 (6203 turns).

Canard the Cleaver (Octopode Berserker)             Turns: 6203, Time: 00:13:39

Health: -11/61     AC:  1    Str: 20    XL:     9   Next: 59%
Magic:  9/9        EV: 21    Int:  9    God:    Trog [****..]
Gold:   269        SH:  0    Dex: 14    Spells: 8/8 levels left

rFire    . . .     SeeInvis .   o - +1 flail of Ylaprut {holy, Str+3} (curse)
rCold    . . .     Gourm    .   (no shield)
rNeg     . . .     Faith    .   (helmet restricted)
rPois    .         Spirit   .   k - amulet of magic regeneration
rElec    .         Reflect  .   j - ring of protection from magic
rCorr    +         Harm     .   p - ring of resist corrosion
MR       +....                  (no ring)
Stlth    ++++......             v - +4 ring of evasion
HPRegen  0.20/turn              (no ring)
MPRegen  0.36/turn              (no ring)
                                (no ring)
                                (no ring)

@: no status effects
A: almost no armour, stealthy swim, amphibious, 8 rings, constrict 8, camouflage
1, gelatinous body 1
a: Berserk, Trog's Hand, Brothers in Arms, Renounce Religion


You were on level 7 of the Dungeon.
You worshipped Trog.
Trog was greatly pleased with you.
You were not hungry.

You visited 1 branch of the dungeon, and saw 7 of its levels.

You collected 269 gold pieces.

Inventory:

Hand Weapons
 a - a +1 hand axe
 o - the cursed +1 flail of Ylaprut (weapon) {holy, Str+3}
   (You found it on level 6 of the Dungeon)

   It has been blessed by the Shining One to cause great damage to the undead
   and demons.
   It affects your strength (+3).
   It has a curse placed upon it.
Missiles
 e - 244 stones (quivered)
 g - 8 boomerangs
 u - 18 bolts
 y - 41 arrows
 A - 13 poisoned darts
Jewellery
 j - a ring of protection from magic (left tentacle)
   (You found it on level 2 of the Dungeon)
 k - an amulet of magic regeneration (around mantle)
   (You found it on level 6 of the Dungeon)
 p - a ring of resist corrosion (right tentacle)
   (You found it on level 3 of the Dungeon)
 v - a +4 ring of evasion (on tentacle)
   (You found it on level 4 of the Dungeon)
Wands
 x - a wand of acid (11)
   (You found it on level 5 of the Dungeon)
Scrolls
 h - 2 scrolls of blinking
 i - 5 scrolls of teleportation
 n - 4 scrolls of remove curse
 q - a scroll of fog {unknown}
 s - 2 scrolls of magic mapping
Potions
 c - 3 potions of stabbing
 d - a potion of ambrosia
 f - 2 potions of invisibility
 l - 4 potions of resistance
 m - a potion of might
 r - a potion of mutation
 t - a potion of lignification
Comestibles
 b - 12 rations
 w - 6 chunks of flesh


   Skills:
 - Level 5.0 Fighting
 + Level 9.7 Axes
 + Level 7.1 Dodging
 - Level 6.0 Stealth


You had 8 spell levels left.
You didn't know any spells.
Your spell library was empty.

Dungeon Overview and Level Annotations

Branches:
Dungeon (7/15)             Temple (0/1) D:5

Altars:
Gozag
Hepliaklqana
Nemelex Xobeh
Qazlal
Xom
The Shining One

Shops:
D:4 [:?%=

Annotations:
D:7 Pikel


Innate Abilities, Weirdness & Mutations

You cannot wear most types of armour.
You are very stealthy in the water. (Stealth+)
You are amphibious.
You can wear up to eight rings at the same time.
You can use your tentacles to constrict eight enemies at once.
Your skin changes colour to match your surroundings (Stealth+).
Your rubbery body absorbs attacks. (AC +1, EV +1)


Message History

Here: Pikel, wielding a +0 whip of freezing, wearing a +0 robe and carrying a wand of iceblast (11)
The floor.
Unknown command.
Pikel zaps a wand.
The mass of ice explodes!
The iceblast engulfs you!!
* * * LOW HITPOINT WARNING * * *
Huge Dmg: -33%(-20hp) hp: 40%(24hp) Pikel says, "You'll fetch a fair price!"
Pikel zaps a wand.
The mass of ice explodes!
The iceblast engulfs you!!
* * * LOW HITPOINT WARNING * * *
There is an open door here.
Huge Dmg: -39%(-24hp) hp: 2%(1hp) Unknown command.
You close the door.
Some of the chunks of flesh in your inventory have rotted away.
Pikel opens the door.
There is an open door here.
You close the door.
Pikel opens the door.
Pikel zaps a wand.
The mass of ice explodes!
The iceblast engulfs you!
You die...

##.....## #..#
##...## #.##
##K## #.# #.# #.#
#.# #.# ##.##
##...## #.....#
##.@.##
##.########
########.........
.........>#.#####
########....#
#.#### ####.#####
#........#
###....###.#


You could see Pikel.

Vanquished Creatures
  Grinder (D:6)
  A hippogriff (D:7)
  Sigmund (D:6)
  3 water moccasins
  6 ogres
  A centaur (D:5)
  2 bullfrogs
  A scorpion (D:6)
  2 howler monkeys (D:7)
  2 crimson imps (D:6)
  2 hounds
  4 orc priests
  An iguana (D:6)
  6 orc wizards
  A bullfrog skeleton (D:5)
  7 worker ants
  A hound zombie (D:7)
  A howler monkey skeleton (D:7)
  10 adders
  4 shadow imps
  2 oozes
  2 worms (D:2)
  5 dart slugs
  2 leopard geckos
  12 orcs
  5 giant cockroaches
  12 goblins
  11 hobgoblins
  11 jackals
  7 kobolds
  3 quokkas
  4 bats
  7 frilled lizards
  8 rats
148 creatures vanquished.

Notes
Turn   | Place    | Note
-------+----------+-------------------------------------------
     0 | D:1      | Canard the Octopode Berserker began the quest for the Orb.
     0 | D:1      | Reached XP level 1. HP: 16/16 MP: 1/1
   100 | D:1      | Reached skill level 1 in Stealth
   102 | D:1      | Reached XP level 2. HP: 21/21 MP: 2/2
   412 | D:1      | Reached XP level 3. HP: 23/26 MP: 3/3
  1113 | D:2      | Reached ** piety under Trog
  1137 | D:2      | Reached XP level 4. HP: 29/31 MP: 4/4
  1400 | D:2      | Found a shimmering altar of Xom.
  1401 | D:2      | Found a hazy altar of Hepliaklqana.
  1402 | D:2      | Noticed a spectral ugly thing
  1402 | D:2      | Noticed a tentacled monstrosity
  1940 | D:3      | Reached skill level 4 in Axes
  1957 | D:3      | Reached XP level 5. HP: 36/36 MP: 5/5
  2659 | D:4      | Found Feloske's Magic Scroll Shop.
  2662 | D:4      | Found Voos's Food Shoppe.
  2662 | D:4      | Noticed an ogre
  2715 | D:4      | Killed an ogre
  2715 | D:4      | Reached XP level 6. HP: 30/42 MP: 6/6
  2905 | D:4      | Reached *** piety under Trog
  3050 | D:4      | Found Zyucuecuq's Book Shop.
  3058 | D:4      | Reached skill level 5 in Stealth
  3062 | D:4      | Reached skill level 5 in Axes
  3062 | D:4      | Reached skill level 5 in Dodging
  3062 | D:4      | Reached XP level 7. HP: 46/46 MP: 7/7
  3260 | D:4      | Found Rabihac's Armour Shop.
  3489 | D:4      | Found Iwitzic's Jewellery Shoppe.
  3696 | D:5      | Entered Level 5 of the Dungeon
  3916 | D:5      | Reached XP level 8. HP: 54/54 MP: 8/8
  4131 | D:5      | Reached skill level 6 in Axes
  4210 | D:5      | Found a staircase to the Ecumenical Temple.
  4402 | D:5      | Found a glowing golden altar of the Shining One.
  4793 | D:6      | Reached skill level 5 in Fighting
  5058 | D:6      | Got a blackened flail
  5099 | D:6      | Found a stormy altar of Qazlal.
  5099 | D:6      | Found a sparkling altar of Nemelex Xobeh.
  5100 | D:6      | Found an opulent altar of Gozag.
  5103 | D:6      | Noticed Sigmund
  5111 | D:6      | Killed Sigmund
  5111 | D:6      | Reached skill level 7 in Axes
  5178 | D:6      | Reached XP level 9. HP: 61/61 MP: 9/9
  5249 | D:6      | Reached skill level 8 in Axes
  5369 | D:6      | Noticed Grinder
  5376 | D:6      | Killed Grinder
  5527 | D:6      | Identified the cursed +1 flail of Ylaprut {holy, Str+3}
                  | (You found it on level 6 of the Dungeon)
  5536 | D:7      | Reached **** piety under Trog
  5578 | D:7      | Reached skill level 9 in Axes
  6154 | D:7      | Noticed Pikel
  6190 | D:7      | HP: 1/61 [Pikel/iceblast (24)]
  6203 | D:7      | Killed from afar by Pikel

Illustrated notes

Levels and vault maps discovered:
D:1:      dpeg_arrival_stone_temple_mockup, layout_basic, minmay_pentomino_v4
D:2:      layout_rooms, regret_index_temple_of_mockery, first_ration,
          grunt_decor_arrowhead, chequers_serial_rivers_room_b
D:3:      layout_basic
D:4:      layout_loops_ring, serial_shops, nicolae_shop_waterfront,
          shop_fountains, nicolae_shop_temple_entry_statues_fountains, shop,
          shop
D:5:      layout_loops_ring, marbit_many_paths, minmay_temple_entry_hall,
          chequers_serial_rivers_marsh
D:6:      layout_basic, gammafunk_temple_overflow_claw, portal_sewer_entry_d,
          uniq_grinder, uniq_sigmund
D:7:      layout_loops_corners, uniq_pikel

Skill      XL: |  1  2  3  4  5  6  7  8  9 |
---------------+----------------------------+-----
Stealth        | 1 2 3 4 5 6 |  6.0
Axes           | 4 5 7 9 |  9.7
Dodging        | 4 5 7 |  7.1
Fighting       | 4 5 |  5.0

Action                   |  1- 3 |  4- 6 |  7- 9 || total
-------------------------+-------+-------+-------++-------
Melee: Hand axe          |    68 |    87 |   156 ||   311
       Constrict         |    16 |    16 |    44 ||    76
       Tentacles         |    17 |    12 |    52 ||    81
       Flail             |       |       |    35 ||    35
Invok: Berserk           |     2 |     4 |     8 ||    14
  Use: Scroll            |       |     6 |    10 ||    16
 Stab: Sleeping          |     2 |     8 |    14 ||    24
       Distracted        |       |     1 |       ||     1
  Eat: Chunk             |     3 |     9 |    18 ||    30
Armor: Skin              |     4 |     5 |     4 ||    13
Dodge: Dodged            |    35 |    50 |   131 ||   216
